 Dungeon Crawl Stone Soup version 0.30-a0-394-g3e4acdb0ae (webtiles) character file.

Game seed: 11051922478351914814

119 zishaf the Magician (level 5, -4/36 HPs)
             Began as a Djinni Venom Mage on Dec 6, 2022.
             Slain by a water moccasin zombie (6 damage)
             ... in an ossuary.
             The game lasted 00:04:17 (2817 turns).

zishaf the Magician (Djinni Venom Mage)             Turns: 2817, Time: 00:04:17

Health: -4/36      AC:  3    Str:  7    XL:     5   Next: 24%
Gold:   67         EV: 12    Int: 19    God:
                   SH:  0    Dex: 13

rFire   + + .      SeeInvis .    u - +2 dagger (speed)
rCold   . . .      Faith    .    (no shield)
rNeg    . . .      Spirit   .    a - +0 robe
rPois   ∞          Reflect  .    t - +0 helmet
rElec   .          Harm     .    (no cloak)
rCorr   .          Rampage  .    (no gloves)
Will    .....                    (boots unavailable)
Stlth   ++........               (no amulet)
HPRegen 0.26/turn                r - ring of protection from fire
MPRegen 0.00/turn                v - ring of ice

@: immotile, flying
A: sickness immunity, fire resistance 2, cold vulnerability 1, float, innate
caster, HP casting, extra vitality 1, frail 1
a: no special abilities


You were in an ossuary.
You visited 1 branch of the dungeon, and saw 4 of its levels.
You also visited: Ossuary.

You collected 67 gold pieces.

Inventory:

Hand Weapons
 c - a +3 dagger
 u - a +2 dagger of speed (weapon)
Armour
 a - a +0 robe (worn)
 s - a +0 helmet
 t - a +0 helmet (worn)
Jewellery
 r - a ring of protection from fire (left hand)
 v - a ring of ice (right hand)
Scrolls
 b - 4 scrolls of teleportation
 g - a scroll of fog {unknown}
 i - a scroll of fear {unknown}
 k - a scroll of blinking {unknown}
 m - 2 scrolls of magic mapping {unknown}
 n - 2 scrolls of vulnerability {unknown}
 q - 2 scrolls of noise {unknown}
Potions
 h - 2 potions of curing
 j - a potion of lignification {unknown}
 l - 4 potions of heal wounds
 o - a potion of ambrosia {unknown}
 p - 2 potions of brilliance {unknown}
 w - 2 potions of berserk rage {unknown}


   Skills:
 + Level 3.0 Fighting
 - Level 2.1 Dodging
 - Level 1.5 Stealth
 + Level 3.4 Spellcasting


You couldn't memorise any spells.
You knew the following spells:

 Your Spells              Type           Power      Damage    Failure   Level
a - Sting                 Tmut/Pois      64%        1d6       3%          1
b - Poisonous Vapours     Pois/Air       32%        N/A       5%          2
c - Freeze                Ice            96%        1d10      3%          1
d - Momentum Strike       Conj/Tloc      32%        3d8       5%          2
z - Mephitic Cloud        Conj/Pois/Air  16%        N/A       11%         3
A - Olgreb's Toxic Radia  Pois           16%        N/A       34%         4
Your spell library was empty.

Dungeon Overview and Level Annotations

Branches:
Dungeon (4/15)            Ossuary (1/1)
 Temple: D:4-7

Altars:
Zin

Annotations:
D:3 dig zin


Innate Abilities, Weirdness & Mutations

You are immune to sickness and miasma.
You are immune to poison.
Your flesh is very heat resistant. (rF++)
You are vulnerable to cold. (rC-)
You float through the air rather than walking.
You learn spells naturally, not from books.
Your magical power is your life essence.
You have superior vitality. (+4 MHP)
You are frail. (-10% HP)


Message History

Press: ? - help, Dir - move target, f - water moccasin zombie
Aim: a water moccasin zombie (lightly damaged, 71% to hit)
The concentrated momentum misses the water moccasin zombie.
The water moccasin zombie barely misses you.
Casting: Momentum Strike (safe; 5% risk of failure)
Confirm with . or Enter, or press ? or * to list all spells.
Aiming: Momentum Strike (safe; 5% risk of failure)
Press: ? - help, Dir - move target, f/p - water moccasin zombie
Aim: a water moccasin zombie (lightly damaged, 71% to hit)
The concentrated momentum hits the water moccasin zombie!!
You are unable to move.
The water moccasin zombie barely misses you.
The water moccasin zombie bites you!
Your magical contamination has completely faded away.
You hit the water moccasin zombie.
The water moccasin zombie is severely damaged.
You closely miss the water moccasin zombie.
The water moccasin zombie is severely damaged.
The water moccasin zombie barely misses you.
You closely miss the water moccasin zombie.
The water moccasin zombie is severely damaged.
The water moccasin zombie bites you.
You hit the water moccasin zombie.
The water moccasin zombie is severely damaged.
The water moccasin zombie bites you.
* * * LOW HITPOINT WARNING * * *
You hit the water moccasin zombie.
The water moccasin zombie is almost destroyed.
You closely miss the water moccasin zombie.
The water moccasin zombie is almost destroyed.
The water moccasin zombie bites you.
* * * LOW HITPOINT WARNING * * *
You hit the water moccasin zombie.
The water moccasin zombie is almost destroyed.
The water moccasin zombie bites you.
* * * LOW HITPOINT WARNING * * *
You barely miss the water moccasin zombie.
The water moccasin zombie is almost destroyed.
The water moccasin zombie bites you.
You die...

+!![?#.∩.'...#
#!!?!#...#...#
### #####...#
#...# #'###
#...# #...#
#...# #..@#
###Z#


ZZ# ...# #...# #...# ##+## You could see a water moccasin zombie, a gnoll zombie
and a kobold zombie.

Vanquished Creatures
  Robin (D:3)
  3 adders
  An adder zombie (Ossuary)
  3 dart slugs (D:1)
  4 ball pythons (D:1)
  4 endoplasms
  3 giant cockroaches
  16 goblins
  6 hobgoblins
  4 quokkas
  6 bats
  4 frilled lizards
  A hobgoblin zombie (Ossuary)
  9 kobolds
  A kobold zombie (Ossuary)
  7 rats
73 creatures vanquished.

Vanquished Creatures (others)
  An orc zombie (Ossuary)
1 creature vanquished.

Grand Total: 74 creatures vanquished

Notes
Turn   | Place    | Note
-------+----------+-------------------------------------------
     0 | D:1      | zishaf the Djinni Venom Mage began the quest for the Orb.
     0 | D:1      | zishaf set off with the following spells memorised: Sting,
                  | Poisonous Vapours, Mephitic Cloud, Olgreb's Toxic Radiance.
     0 | D:1      | Reached XP level 1. HP: 15/15 MP: 0/0
    28 | D:1      | Reached XP level 2. HP: 10/22 MP: 0/0
    30 | D:1      | Reached skill level 1 in Fighting
   209 | D:1      | Reached XP level 3. HP: 20/27 MP: 0/0
   209 | D:1      | Learned a level 1 spell: Freeze
   764 | D:2      | Reached XP level 4. HP: 32/33 MP: 0/0
  1723 | D:3      | Found a glowing silver altar of Zin.
  1965 | D:3      | Noticed Robin
  2004 | D:3      | Killed Robin
  2005 | D:3      | Reached XP level 5. HP: 27/40 MP: 0/0
  2005 | D:3      | Learned a level 2 spell: Momentum Strike
  2729 | D:4      | Gained mutation: You occasionally lose the ability to drink
                  | potions when taking damage. [potion of mutation]
  2729 | D:4      | Gained mutation: You have sharp fingernails. [potion of
                  | mutation]
  2730 | D:4      | Lost mutation: You occasionally lose the ability to drink
                  | potions when taking damage. [potion of mutation]
  2730 | D:4      | Lost mutation: You have sharp fingernails. [potion of
                  | mutation]
  2730 | D:4      | Gained mutation: You are frail. (-10% HP) [potion of
                  | mutation]
  2761 | D:4      | Found a sand-covered staircase.
  2770 | Ossuary  | Entered an ossuary
  2817 | Ossuary  | Slain by a water moccasin zombie

Illustrated notes

Levels and vault maps discovered:
D:1:      amcnicky_arrival_gap_in_the_tavern_cellar, layout_rooms, st_stairs_3
D:2:      layout_loops_ring
D:3:      layout_basic, zin_scriptorium, minmay_liquid_box, uniq_robin
D:4:      layout_basic, riverfiend_overflow_shadow_ancestor, led_xom_imps,
          mainiacjoe_overflow_brackets, enter_ossuary_3
Ossuary:  ossuary_tomb_2

Skill      XL: |  1  2  3  4  5 |
---------------+----------------+-----
Fighting       | 1 2 3 |  3.0
Spellcasting   | 3 |  3.4
Dodging        | |  2.1
Stealth        | |  1.5

Action                   |  1- 3 |  4- 6 || total
-------------------------+-------+-------++-------
Melee: Dagger            |    10 |    35 ||    45
 Cast: Sting             |    51 |    32 ||    83
       Poisonous Vapours |       |    23 ||    23
       Freeze            |       |     5 ||     5
       Momentum Strike   |       |     4 ||     4
  Use: Scroll            |       |     5 ||     5
       Potion            |       |     2 ||     2
 Stab: Sleeping          |     2 |     1 ||     3
Armor: Robe              |     4 |     7 ||    11
Dodge: Dodged            |    11 |    30 ||    41

Table legend: (Time is in decaauts)
 A = Elapsed time spent in this place.
 B = Non-inter-level travel time spent in this place.
 C = Inter-level travel time spent in this place.
 D = Time resting spent in this place.
 E = Time spent auto-exploring this place.
 F = Levels seen in this place.
 G = Mean time per level.
                   A        B        C        D        E       F      G
               +--------+--------+--------+--------+--------+-----+--------+
         Total |   2804 |   2732 |     72 |     20 |   2278 |   5 |  560.8 |
       Dungeon |   2764 |   2692 |     72 |     20 |   2261 |   4 |  691.0 |
       Ossuary |     40 |     40 |      0 |      0 |     17 |   1 |   40.0 |
               +--------+--------+--------+--------+--------+-----+--------+

Top non-repeatable levels by time:
     D:3: 1244 daAuts
     D:2: 756 daAuts
     D:1: 713 daAuts
     D:4: 49 daAuts
 Ossuary: 40 daAuts
